 Dungeon Crawl Stone Soup version 0.21.1-1-g345015f (webtiles) character file.

20 letownia2 the Magician (level 2, -5/19 HPs)
             Began as a Merfolk Wizard on Mar 9, 2018.
             Slain by a worker ant (6 damage)
             ... on level 4 of the Dungeon.
             The game lasted 00:02:14 (602 turns).

letownia2 the Magician (Merfolk Wizard)              Turns: 602, Time: 00:02:15

Health: -5/19      AC:  3    Str:  7    XL:     2   Next: 79%
Magic:  0/6        EV: 12    Int: 19    God:
Gold:   42         SH:  0    Dex: 12    Spells: 4/7 levels left

rFire    . . .     SeeInvis .   e - +3 dagger
rCold    . . .     Gourm    .   (no shield)
rNeg     . . .     Faith    .   h - +0 leather armour
rPois    .         Spirit   .   b - +0 hat
rElec    .         Reflect  .   (no cloak)
rCorr    .         Harm     .   (no gloves)
MR       .....                  (no boots)
Stlth    ++........             (no amulet)
HPRegen  0.06/turn              i - +2 ring of intelligence
MPRegen  0.10/turn              (no ring)

@: lethally poisoned (-5 -> -19)
A: change form in water, swift swim, stealthy swim
a: no special abilities


You were on level 4 of the Dungeon.
You were not hungry.

You visited 1 branch of the dungeon, and saw 4 of its levels.

You collected 42 gold pieces.

Inventory:

Hand Weapons
 e - a +3 dagger (weapon)
Armour
 a - a +0 robe
 b - a +0 hat (worn)
 f - a +0 ring mail
 g - a +0 scale mail
 h - a +0 leather armour (worn)
Jewellery
 i - a +2 ring of intelligence (left hand)
Books
 c - a book of Minor Magic

   Spells                             Type                      Level
   a - Magic Dart                     Conjuration                  1
   b - Blink                          Translocation                2
   c - Call Imp                       Summoning                    2
   d - Slow                           Hexes                        2
   e - Conjure Flame                  Conjuration/Fire             3
   f - Mephitic Cloud                 Conjuration/Poison/Air       3
Comestibles
 d - 3 rations


   Skills:
 - Level 2.6 Dodging
 - Level 2.1 Stealth
 - Level 3.0 Spellcasting
 - Level 1.6 Conjurations
 * Level 1.8 Summonings
   Level 0.7 Translocations


You had 4 spell levels left.
You knew the following spells:

 Your Spells              Type           Power        Failure   Level  Hunger
a - Magic Dart            Conj           #...         12%         1    None
i - Call Imp              Summ           #.......     16%         2    ##.....


Dungeon Overview and Level Annotations

Branches:
Dungeon (4/15)
 Temple: D:4-7

Altars:

Annotations:
D:4 exclusion: worker ant


Message History

You hit the worker ant but do no damage.
The worker ant is almost dead.
* * * LOW HITPOINT WARNING * * *
You feel sick. The worker ant closely misses you.
Unknown command.
Casting: Magic Dart
Confirm with . or Enter, or press ? or * to list all spells.
Aiming: Magic Dart
Press: ? - help, Shift-Dir - straight line, f/p - worker ant
Aim: a worker ant (almost dead)
The magic dart hits the worker ant.
The worker ant is almost dead.
* * * LOW HITPOINT WARNING * * *
You feel sick. The worker ant barely misses you.
Unknown command.
You barely miss the worker ant.
The worker ant is almost dead.
* * * LOW HITPOINT WARNING * * *
You feel sick. The worker ant misses you. The worker ant bites you.
You die...

#..# #.............. ##.##
#.............# ### #..#
##...........## ####.. #.##
#....a.......# ####..... ##.#
#.###.....### #.##
###........### ###
#####............#
#####.................
######....@a...............
#####...........#..............
##..........#####...............
#.......##### #...............
##..##### ##.............. ####
#....[........# #.............#
##...........## #..........##


You could see a worker ant.

Vanquished Creatures
  An adder zombie (D:4)
  2 dart slugs
  A leopard gecko (D:2)
  An orc (D:3)
  2 bats
  A goblin (D:3)
  A jackal (D:2)
  A kobold (D:2)
  A rat (D:3)
11 creatures vanquished.

Notes
Turn   | Place    | Note
-------+----------+-------------------------------------------
     0 | D:1      | letownia2 the Merfolk Wizard began the quest for the Orb.
     0 | D:1      | Reached XP level 1. HP: 13/13 MP: 4/4
    56 | D:2      | Reached skill level 1 in Conjurations
   207 | D:2      | Reached XP level 2. HP: 1/19 MP: 0/6
   227 | D:2      | Learned a level 2 spell: Call Imp
   522 | D:4      | Noticed a scorpion
   523 | D:4      | Noticed an ogre
   602 | D:4      | Slain by a worker ant

Skill      XL: |  1 |
---------------+----+-----
Conjurations   | 1 |  1.6
Dodging        | |  2.6
Stealth        | |  2.1
Spellcasting   | |  3.0
Summonings     | |  1.8
Translocations | |  0.7

Action                   || total
-------------------------++-------
Melee: Dagger            ||    33
 Cast: Magic Dart        ||    35
  Use: Scroll            ||     2
Armor: Robe              ||     3
       Leather armour    ||     2
Dodge: Dodged            ||    30
